 Dungeon Sprint DCSS version 0.20-a0-526-g753eaab (webtiles) character file.

2389 KristoblXynda the Cleaver (level 9, -1/106 HPs)
             Began as a White Draconian Fighter on Jan 26, 2017.
             Was a Priest of Makhleb.
             Slain by a merfolk
             ... wielding a +0 trident
              (5 damage)
             ... in the Dungeon (Sprint V: "Ziggurat Sprint").
             The game lasted 00:03:32 (482 turns).

KristoblXynda the Cleaver (White Draconian Fighter)  Turns: 482, Time: 00:03:33

Health: -1/106     AC: 12    Str: 32    XL:     9   Next: 22%
Magic:  9/9        EV: 16    Int: 20    God:    Makhleb [***...]
Gold:   0          SH: 16    Dex: 10    Spells: 8/8 levels left

rFire    . . .     SeeInvis .   b - +5 broad axe
rCold    + . .     Gourm    .   (armour unavailable)
rNeg     . . .     Faith    .   D - +3 shield
rPois    .         Spirit   .   (helmet restricted)
rElec    .         Reflect  .   (no cloak)
rCorr    .         Harm     .   (no gloves)
MR       .....     NoTele   +   (no boots)
Stlth    ..........             (no amulet)
Regen    0.3/turn               a - ring "Goivvurr" {Str+5 Int+9 Dex-2 Stlth-}
                                n - ring "Tiehap" {AC+5 Str+4}

@: berserking (expiring), very quick
A: breathe frost, unfitting armour, cold resistance 1, cold-blooded, AC +7
a: Breathe Frost, Minor Destruction, Lesser Servant of Makhleb, Renounce
Religion


You were in the Dungeon.
You worshipped Makhleb.
Makhleb was most pleased with you.
You were not hungry.

You visited 1 branch

Inventory:

Hand Weapons
 b - a +5 broad axe (weapon)
Armour
 C - a +3 large shield
 D - a +3 shield (worn)
Jewellery
 a - the ring "Goivvurr" (right hand) {Str+5 Int+9 Dex-2 Stlth-}
   (You found it in the Dungeon)

   [ring of loudness]

   It affects your strength (+5).
   It affects your intelligence (+9).
   It affects your dexterity (-2).
   It makes you less stealthy.
 n - the ring "Tiehap" (left hand) {AC+5 Str+4}
   (You found it in the Dungeon)

   [ring of protection]

   It affects your AC (+5).
   It affects your strength (+4).
 F - the cursed necklace of Bloodlust {*Rage +Rage MR++ Int-3 Slay+6 *Curse}
   (You found it in the Dungeon)

   [amulet of rage]

   It affects your intelligence (-3).
   It affects your accuracy and damage with ranged weapons and melee attacks
   (+6).
   It affects your resistance to hostile enchantments.
   It lets you go berserk.
   It may make you go berserk in combat.
   It curses itself when equipped.
   It has a curse placed upon it.
Wands
 y - a wand of disintegration (7/24)
 z - a wand of iceblast (5/15)
 A - a wand of lightning (5/15)
 B - a wand of acid (5/15)
Scrolls
 j - 4 scrolls of blinking
 p - 4 scrolls of amnesia
 q - 3 scrolls of recharging
 r - 7 scrolls of fog
 s - a scroll of holy word
 t - 5 scrolls of identify
 u - 5 scrolls of remove curse
 v - 2 scrolls of fear
 E - 4 scrolls of enchant armour
Potions
 c - 6 potions of might
 e - 10 potions of curing
 f - 10 potions of heal wounds
 g - 6 potions of haste
 h - 7 potions of magic
 k - 2 potions of brilliance
 l - 2 potions of invisibility
 m - 4 potions of resistance
 o - 6 potions of agility
Miscellaneous
 G - a phantom mirror
Comestibles
 d - 5 bread rations
 w - 42 fruits
 x - 4 meat rations


   Skills:
 - Level 4.0 Fighting
 + Level 13.1 Axes
 - Level 11.0 Dodging
 + Level 11.9 Shields
 + Level 0.0 Spellcasting


You had 8 spell levels left.
You didn't know any spells.

Dungeon Overview and Level Annotations

Branches:
Dungeon (1/1)

Altars:
Ashenzari
Cheibriados
Dithmenos
Elyvilon
Fedhas
Gozag
Hepliaklqana
Kikubaaqudgha
Makhleb
Nemelex Xobeh
Okawaru
Qazlal
Ru
Sif Muna
Trog
Uskayaw
Vehumet
Xom
Yredelemnul
Zin
The Shining One
Beogh
Jiyva
Lugonu


Innate Abilities, Weirdness & Mutations

You can breathe waves of freezing cold.
You can buffet flying creatures when you breathe cold.
Your icy white scales are hard. (AC +7)
You cannot fit into any form of body armour.
Your flesh is cold resistant. (rC+)
You are cold-blooded and may be slowed by cold attacks.


Message History

You slash the merfolk! You hit the merfolk.
The merfolk hits you but does no damage.
Unknown command.
You slash the merfolk!
Your tail-slap misses the merfolk.
The merfolk is heavily wounded.
You completely miss the merfolk. You slash the merfolk! x3
The merfolk barely misses you.
The merfolk hits you with a +1 trident of piercing.
* * * LOW HITPOINT WARNING * * *
x2 The merfolk hits you with a trident!
* * * LOW HITPOINT WARNING * * *
The merfolk barely misses you.
You barely miss the merfolk.
The merfolk is heavily wounded.
You hit the merfolk. You slash the merfolk! You barely miss the merfolk. x2
You block the merfolk's attack.
The merfolk hits you with a +1 trident of piercing.
* * * LOW HITPOINT WARNING * * *
x2 The merfolk hits you with a trident.
You die...

▓.....▓.....▓.....▓
▓.....▓.....▓.....▓
▓.....▓.....▓.....▓
▓.....▓.....▓▓▓▓▓▓▓
▓▓▓▓▓▓▓▓▓▓▓▓▓▓▓▓▓▓▓
▓..8©8...▓..8©8...▓
▓...)....▓..[|[...▓
▓........▓..:mm...▓
▓........▓..m@m...▓
▓........▓....m...▓
▓.▓....▓.▓.▓.(..▓.▓
▓........▓...(....▓
▓▓▓▓▓▓▓▓▓▓▓▓▓▓▓▓▓▓▓


You could see 5 merfolk.

Vanquished Creatures
  A tentacled starspawn (D)
  A slime creature (D)
  3 hell hounds (D)
  A floating eye (D)
  A crimson imp (D)
  An iron imp (D)
  2 shadow imps (D)
  An ufetubus (D)
  An ooze (D)
12 creatures vanquished.

Vanquished Creatures (others)
  A fire vortex (D)
  2 starspawn tentacles (D)
3 creatures vanquished.

Grand Total: 15 creatures vanquished

Notes
Turn   | Place    | Note
-------+----------+-------------------------------------------
     0 | D        | KristoblXynda the Draconian Fighter began the quest for the Orb.
     0 | D        | Reached XP level 1. HP: 19/19 MP: 1/1
     0 | D        | Found a deep blue altar of Sif Muna.
     0 | D        | Found a sacrificial altar of Ru.
     0 | D        | Found a bloodstained altar of Trog.
     0 | D        | Found a stormy altar of Qazlal.
     0 | D        | Found an iron altar of Okawaru.
     0 | D        | Found a sparkling altar of Nemelex Xobeh.
     0 | D        | Found a blossoming altar of Fedhas.
     2 | D        | Found an ancient bone altar of Kikubaaqudgha.
     2 | D        | Found a viscous altar of Jiyva.
     2 | D        | Found a corrupted altar of Lugonu.
     2 | D        | Found a hazy altar of Hepliaklqana.
     2 | D        | Found a burning altar of Makhleb.
     2 | D        | Found an opulent altar of Gozag.
    14 | D        | Became a worshipper of Makhleb the Destroyer
    64 | D        | Entered arena 1.
    64 | D        | Noticed a crimson imp
    70 | D        | Reached skill level 7 in Axes
    70 | D        | Reached XP level 2. HP: 22/27 MP: 2/2
    73 | D        | Killed a crimson imp
    73 | D        | Reached XP level 3. HP: 28/33 MP: 3/3
   115 | D        | Entered arena 2.
   115 | D        | Noticed a slime creature
   115 | D        | Noticed a floating eye
   116 | D        | Paralysed by a floating eye for 3 turns
   120 | D        | Killed a floating eye
   120 | D        | Reached * piety under Makhleb
   120 | D        | Reached skill level 8 in Axes
   120 | D        | Reached skill level 5 in Dodging
   120 | D        | Reached XP level 4. HP: 40/40 MP: 4/4
   120 | D        | Reached XP level 5. HP: 46/46 MP: 5/5
   123 | D        | Killed a slime creature
   123 | D        | Reached skill level 9 in Axes
   123 | D        | Reached XP level 6. HP: 52/52 MP: 6/6
   130 | D        | Entered arena 3.
   130 | D        | Noticed a hell hound
   130 | D        | Noticed a hell hound
   130 | D        | Noticed a hell hound
   136 | D        | Killed a hell hound
   136 | D        | Reached ** piety under Makhleb
   136 | D        | Reached skill level 10 in Axes
   138 | D        | Killed a hell hound
   138 | D        | Your scales start taking on an icy white colour.
   138 | D        | Reached XP level 7. HP: 48/59 MP: 7/7
   138 | D        | Gained mutation: Your flesh is cold resistant. (rC+) [White Draconian growth]
   152 | D        | Got the ring "Goivvurr" {Str+5 Int+9 Dex-2 Stlth-}
   155 | D        | Got the ring "Tiehap" {AC+5 Str+4}
   315 | D        | Entered arena 4.
   315 | D        | Noticed a tentacled starspawn
   320 | D        | Reached *** piety under Makhleb
   323 | D        | Killed a tentacled starspawn
   323 | D        | Reached skill level 13 in Axes
   323 | D        | Reached XP level 8. HP: 13/66 MP: 8/8
   323 | D        | Reached XP level 9. HP: 14/71 MP: 9/9
   475 | D        | Entered arena 5.
   475 | D        | Noticed a merfolk
   475 | D        | Noticed a merfolk
   475 | D        | Noticed a merfolk
   475 | D        | Noticed a merfolk
   475 | D        | Noticed a merfolk
   482 | D        | HP: 5/106 [merfolk/+1 trident of piercing (5)]
   482 | D        | Slain by a merfolk

Vault maps used:
D:        sprint_v

Skill      XL: |  1  2  3  4  5  6  7 |
---------------+----------------------+-----
Fighting       | 4 |  4.0
Dodging        | 3 5 7 11 | 11.0
Axes           | 7 8 9 10 13 | 13.1
Shields        | 4 6 7 8 11 | 11.9

Action                   |  1- 3 |  4- 6 |  7- 9 || total
-------------------------+-------+-------+-------++-------
Melee: Broad axe         |     5 |     9 |    11 ||    25
       Tailslap          |       |     1 |     2 ||     3
  Use: Potion            |     1 |     1 |     2 ||     4
Armor: Skin              |     2 |     1 |     3 ||     6
Dodge: Dodged            |     5 |     5 |     7 ||    17
Block: Shield            |     2 |    12 |    14 ||    28
